cohdb
Replays
Latest Replays
All Replays
Popular Replays
Top Player Replays
Match Explorer
How It Works
Community
CoH3 Stats
Reddit
Sign in to upload your games and track your stats! →
Sign in with Steam
Match 45339947
Unlisted
Match 45339947
Overview
Messages
Build Orders
End
Panzerpioneer Squad
250 Light Carrier
Selects Panzerjäger Kommand Battlegroup
Selects Blockade Equipment
Panzerpioneer Squad
Construct Light Support Kompanie
Assault Grenadier Squad
Selects GrB 39 Grenade Launcher Requisition
MG34 Team
Fire Support Elements
Flakvierling Half-track
Panzerjäger Mechanized Group
2.5-tonne Medical Truck
Selects Early Warning
Vehicle Survival Package
Pak 38 Anti-tank Gun Team
Construct Panzerarmee Kommand
Selects Crew Shock Tactics
Panzer III L Medium Tank
Assault Mechanized Group
Walking Stuka Rocket Launcher
Early Warning
Armored Reserves
StuG Assault Group
Panzer III L Medium Tank
StuG Assault Group
Emergency Repair Kits
Panzer III L Medium Tank
Ober
Task Force X
STALKER4732
kit.ohume
0
0
Comments
sign in to comment!
No comments posted yet!